 Dungeon Crawl Stone Soup version 0.19.5 (webtiles) character file.

60 greprep the Sneak (level 3, -4/17 HPs)
             Began as a Spriggan Enchanter on Apr 30, 2017.
             Slain by a gnoll (7 damage)
             ... on level 3 of the Dungeon.
             The game lasted 00:07:03 (3042 turns).

greprep the Sneak (Spriggan Enchanter)              Turns: 3042, Time: 00:07:04

Health: -4/17      AC:  4    Str:  4    XL:     3   Next: 80%
Magic:  8/8        EV: 19    Int: 16    God:
Gold:   62         SH:  0    Dex: 17    Spells: 1 memorised, 6 levels left

rFire  . . .     SeeInvis +     a - +1 dagger
rCold  . . .     Gourm    .     b - +1 robe
rNeg   . . .     Faith    .     (shield restricted)
rPois  .         Spirit   .     (helmet restricted)
rElec  .         Reflect  .     e - +0 cloak
rCorr  .         Harm     .     (gloves unavailable)
MR     .....                    (boots unavailable)
Stlth  +++.......               (no amulet)
                                (no ring)
                                (no ring)

@: very quick
A: unfitting armour, see invisible, herbivore 3, speed 3, slow metabolism 2
a: no special abilities


You were on level 3 of the Dungeon.
You were not hungry.

You visited 1 branch of the dungeon, and saw 3 of its levels.

You collected 62 gold pieces.

Inventory:

Hand Weapons
 a - a +1 dagger (weapon)
Armour
 b - a +1 robe (worn)
 e - a +0 cloak (worn)
Scrolls
 g - a scroll of random uselessness {unknown}
 h - a scroll of identify {unknown}
 i - a scroll of enchant armour {unknown}
 j - a scroll of recharging {unknown}
 l - a scroll of enchant weapon {unknown}
 m - a scroll of fog {unknown}
Potions
 f - a potion of lignification {unknown}
 k - a potion of curing {unknown}
Books
 c - a book of Maledictions

   Spells                             Type                      Level
   a - Corona                         Hexes                        1
   b - Ensorcelled Hibernation        Hexes/Ice                    2
   c - Confuse                        Hexes                        3
   d - Tukima's Dance                 Hexes                        3
   e - Dazzling Spray                 Conjuration/Hexes            3
Comestibles
 d - 2 bread rations


   Skills:
 + Level 0.4 Fighting
 * Level 2.9 Short Blades
 + Level 3.9 Dodging
 + Level 4.6 Stealth
 + Level 2.6 Spellcasting
 + Level 4.0 Hexes


You had 6 spell levels left.
You knew the following spells:

 Your Spells              Type           Power        Failure   Level  Hunger
a - Corona                Hex            ###....      4%          1    #......


Dungeon Overview and Level Annotations

Branches:
Dungeon (3/15)

Altars:


Innate Abilities, Weirdness & Mutations

You are very small and have problems with some larger weapons.
You are too small for most types of armour.
You have supernaturally acute eyesight. (SInv)
You are a herbivore.
You cover ground extremely quickly.
You need consume almost no food.


Message History

The gnoll is lightly wounded.
The gnoll barely misses you. x2
You barely miss the gnoll. The gnoll barely misses you.
You hit the gnoll.
The gnoll is lightly wounded.
The gnoll closely misses you.
The hobgoblin shouts!
You hit the gnoll.
The gnoll is moderately wounded.
The gnoll hits you! The gnoll hits you.
* * * LOW HITPOINT WARNING * * *
You hit the gnoll.
The gnoll is moderately wounded.
The gnoll hits you.
* * * LOW HITPOINT WARNING * * *
The gnoll completely misses you.
You hit the gnoll but do no damage.
The gnoll is moderately wounded.
The gnoll hits you!
You die...

#.. <..# .......# (
#......##### .#
..#..(#......# #..
#...#........# #...
....#......# ..........
#........#
..#(.....####g.......#
......g..gg@gg.......#
#.........#####.....g####
........................
......#########.!.....g .
###............#.##..g
#.. #............#..# ..
#.% ####.........# .#
.g##..#####)........# #
.........##.........#


You could see 4 gnolls and 2 hobgoblins.

Vanquished Creatures
  2 adders (D:2)
  2 leopard geckos
  An orc (D:3)
  9 bats
  A giant cockroach (D:2)
  6 hobgoblins
  2 quokkas
  A frilled lizard (D:2)
  4 goblins
  6 kobolds
  4 rats
38 creatures vanquished.

Notes
Turn   | Place    | Note
-------+----------+-------------------------------------------
     0 | D:1      | greprep the Spriggan Enchanter began the quest for the Orb.
     0 | D:1      | Reached XP level 1. HP: 9/9 MP: 5/5
   791 | D:1      | Reached XP level 2. HP: 11/13 MP: 6/6
  1769 | D:2      | Reached XP level 3. HP: 9/17 MP: 8/8
  3042 | D:3      | Slain by a gnoll

Skill      XL: |  1  2 |
---------------+-------+-----
Hexes          | 4 |  4.0
Short Blades   | 2 |  2.9
Fighting       | |  0.4
Dodging        | |  3.9
Stealth        | |  4.6
Spellcasting   | |  2.6

Action                   || total
-------------------------++-------
Melee: Dagger            ||   235
  Use: Scroll            ||     1
       Potion            ||     1
 Stab: Sleeping          ||     7
       Distracted        ||     1
Armor: Robe              ||    41
Dodge: Dodged            ||   213
